 Dungeon Crawl Stone Soup version 0.31.0-9-g3a7656b989 (webtiles) character file.

Game seed: 2642517612666404670

41 qw the Shooter (level 3, 0/18 HPs)
             Began as a Spriggan Hunter on Feb 2, 2024.
             Succumbed to a kobold's poison
             ... on level 2 of the Dungeon.
             The game lasted 00:00:04 (957 turns).

qw the Shooter (Spriggan Hunter)                     Turns: 957, Time: 00:00:04

Health: 0/18       AC:  2    Str:  7    XL:     3   Next: 32%
Magic:  4/4        EV: 19    Int: 10    God:
Gold:   20         SH:  0    Dex: 20    Spells: 2/2 levels left

rFire   . . .        a - +0 shortbow
rCold   . . .        (shield currently unavailable)
rNeg    . . .        c - +0 robe
rPois   .            (helmet restricted)
rElec   .            (no cloak)
rCorr   .            (gloves unavailable)
SInv    +            (boots unavailable)
Will    .....        (no amulet)
Stlth   ++           (no ring)
HPRegen 0.23/turn    (no ring)
MPRegen 0.09/turn

%: no passive effects
@: lethally poisoned (0 -> -5), very quick
A: very small, no large weapons, unfitting armour, see invisible, speed 3
a: no special abilities


You were on level 2 of the Dungeon.
You visited 1 branch of the dungeon, and saw 2 of its levels.

You collected 20 gold pieces.


Innate Abilities, Weirdness & Mutations

You are very small and have problems with some larger weapons.
You are too small for most types of armour.
You have supernaturally acute eyesight. (SInv)
You cover ground extremely quickly. (Speed+++)


   Skills:
 - Level 1.5 Fighting
 + Level 4.6 Ranged Weapons
 - Level 4.0 Dodging
 - Level 1.5 Stealth


You had 2 spell levels left.
You didn't know any spells.
Your spell library was empty.

Inventory:

Hand Weapons
 a - a +0 shortbow (weapon)
Armour
 c - a +0 robe (worn)
Scrolls
 b - a scroll of teleportation {unknown}
 g - a scroll of identify

Dungeon Overview and Level Annotations

Branches:
Dungeon (2/15)

Altars:


Message History

b - a scroll labelled QUVETE NEESURPH You see here a frilled lizard corpse.
Things that are here:
a bat corpse; a ball python corpse You now have 20 gold pieces (gained 9).
Found a robe.
Found a stone staircase leading down.
A bat comes into view.
You shoot an arrow. The arrow hits the bat.
You kill the bat!
A goblin comes into view. It is wielding a +0 club.
You shoot an arrow. The arrow hits the goblin!
You kill the goblin!
A quokka comes into view.
You shoot an arrow. The arrow hits the quokka!
You kill the quokka!
You hear a shout!
A kobold comes into view.
It is wielding a +0 short sword of venom.
The kobold shouts!
You shoot an arrow. The arrow barely misses the kobold.
The kobold closely misses you.
You shoot an arrow. The arrow barely misses the kobold.
The kobold hits you with a +0 short sword of venom.
You are poisoned.
You shoot an arrow. The arrow closely misses the kobold.
You feel very sick.
The kobold hits you with a +0 short sword of venom.
You are lethally poisoned!
The kobold closely misses you.
You shoot an arrow. The arrow hits the kobold.
You kill the kobold!
You feel very sick.
There is a lethal amount of poison in your body!
You feel very sick.
There is a lethal amount of poison in your body!
You feel sick.
There is a lethal amount of poison in your body!
You feel sick.
There is a lethal amount of poison in your body!
You die...

#.# ###.# #...#
#.####.#..
#........%
##..#######.. #.###
##..#.....##.#
......#..#.....#.#.#
......)@#######..#.#
.######.# #..#.# .$#
#..#.# ...# #[.#.#
###.# #.#..# #.#
##..## #.+######..##
#.........##
....##..#.#####


There were no monsters in sight!

Vanquished Creatures
  5 endoplasms
  4 giant cockroaches (D:1)
  5 goblins
  A hobgoblin (D:1)
  3 jackals (D:1)
  3 quokkas
  2 ball pythons
  4 bats
  2 frilled lizards
  6 kobolds
  2 rats
37 creatures vanquished.

Notes
Turn   | Place    | Note
-------+----------+-------------------------------------------
     0 | D:1      | qw the Spriggan Hunter began the quest for the Orb.
     0 | D:1      | Reached XP level 1. HP: 10/10 MP: 2/2
     0 | D:1      | 0 ||| qw: Version: 0.3-a-155-g5e7d8dd
     0 | D:1      | 0 ||| qw: Game counter: 2140
     0 | D:1      | 0 ||| qw: Melee chars always use a shield: true
     0 | D:1      | 0 ||| qw: God list: Okawaru
     0 | D:1      | 0 ||| qw: Allow faded altars: false
     0 | D:1      | 0 ||| qw: Do Orc after clearing Dungeon:15 true
     0 | D:1      | 0 ||| qw: Do second Lair branch before Depths: true
     0 | D:1      | 0 ||| qw: Lair rune preference: random
     0 | D:1      | 0 ||| qw: Goals: Normal
     0 | D:1      | 0 ||| PLANNING D:1-11
    82 | D:1      | Reached skill level 3 in Dodging
   150 | D:1      | Reached XP level 2. HP: 14/14 MP: 3/3
   335 | D:1      | 335 ||| RETREEEEATING.
   516 | D:1      | Reached XP level 3. HP: 18/18 MP: 4/4
   794 | D:1      | Found a faded altar of an unknown god.
   803 | D:1      | 803 ||| READING scroll labelled RAZOTT ZOIBRAU.
   834 | D:1      | 834 ||| READING 2 scrolls labelled AMIAH QIYRPHEI.
   835 | D:1      | 835 ||| READING 3 scrolls labelled SEOTHO QUUQUUH.
   835 | D:1      | 835 ||| IDENTIFYING 2 sedimented emerald potions
   836 | D:1      | 836 ||| READING 2 scrolls of identify.
   836 | D:1      | 836 ||| IDENTIFYING scroll labelled BEPOSO FANGIWI
   837 | D:1      | 837 ||| DROPPING scroll of butterflies.
   838 | D:1      | 838 ||| DROPPING scroll of immolation.
   839 | D:1      | 839 ||| DROPPING 2 potions of invisibility.
   840 | D:1      | 840 ||| DROPPING scroll of revelation.
   876 | D:2      | 876 ||| STAIRDANCE
   894 | D:2      | 894 ||| FLEEEEING.
   954 | D:2      | HP: 3/18 [poisoned by a kobold]
   956 | D:2      | HP: 1/18 [poisoned by a kobold]
   957 | D:2      | Succumbed to a kobold's poison

Levels and vault maps discovered:
D:1:      amcnicky_arrival_blooded_trapdoor, layout_loops_ring,
          dilly_ecumenical_altar_fadedgnrine
D:2:      layout_basic, minmay_3d_cube

Skill      XL: |  1  2 |
---------------+-------+-----
Dodging        | 3 4 |  4.0
Fighting       | |  1.5
Ranged Weapons | |  4.6
Stealth        | |  1.5

Action                     || total
---------------------------++-------
   Fire: Shortbow          ||   126
    Use: Scroll            ||     4
 Armour: Robe              ||    27
  Dodge: Dodged            ||   137

Table legend:
 A = Non-vault XP
 B = Vault XP
 C = Vault XP percentage of total XP
 D = Non-vault monster count
 E = Vault monster count
 F = Vault count percentage of total count
                 A         B        C        D         E       F
            +---------+---------+-------+---------+---------+-------
      Total |      56 |       3 |   5.1 |      35 |       2 |   5.4
            +---------+---------+-------+---------+---------+-------
        D:1 |      47 |       0 |   0.0 |      28 |       0 |   0.0
        D:2 |       9 |       3 |  25.0 |       7 |       2 |  22.2
            +---------+---------+-------+---------+---------+-------
